 Dungeon Crawl Stone Soup version 0.25-a0-474-ga8a2ee3166 (webtiles) character file.

Game seed: 14844148097686149401, levelgen mode: deterministic

26 kae the Sneak (level 2, -1/14 HPs)
             Began as a Spriggan Enchanter on Feb 7, 2020.
             Slain by a goblin
             ... wielding a +0 club
              (2 damage)
             ... on level 1 of the Dungeon.
             The game lasted 00:01:22 (1169 turns).

kae the Sneak (Spriggan Enchanter)                  Turns: 1169, Time: 00:01:22

Health: -1/14      AC:  2    Str:  7 (9)  XL:     2   Next: 89%
Magic:  5/6        EV: 18    Int: 14 (16) God:
Gold:   40         SH:  0    Dex: 15 (16) Spells: 5/6 levels left

rFire    . . .     SeeInvis +   a - +1 dagger
rCold    . . .     Gourm    .   (shield restricted)
rNeg     . . .     Faith    .   b - +0 robe
rPois    .         Spirit   .   (helmet restricted)
rElec    .         Reflect  .   (no cloak)
rCorr    .         Harm     .   (gloves unavailable)
MR       .....                  (boots unavailable)
Stlth    +++.......             (no amulet)
HPRegen  0.04/turn              (no ring)
MPRegen  0.10/turn              (no ring)

@: mighty, hasted, very quick
A: very small, unfitting armour, see invisible, herbivore, speed 3, slow
metabolism 2
a: no special abilities


You were on level 1 of the Dungeon.
You were not hungry.

You visited 1 branch of the dungeon, and saw 1 of its levels.

You collected 40 gold pieces.

Inventory:

Hand Weapons
 a - a +1 dagger (weapon)
Armour
 b - a +0 robe (worn)
Scrolls
 e - a scroll of identify {unknown}
 g - a scroll of enchant weapon {unknown}
 h - a scroll of fear {unknown}
Comestibles
 d - 5 rations


   Skills:
 + Level 0.5 Fighting
 * Level 2.1 Short Blades
 + Level 3.2 Dodging
 + Level 4.6 Stealth
 + Level 2.9 Spellcasting
 + Level 3.8 Hexes


You had 5 spell levels left.
You knew the following spells:

 Your Spells              Type           Power        Failure   Level  Hunger
a - Corona                Hex            ##.....      4%          1    #......

Your spell library contained the following spells:

 Spells                   Type           Power        Failure   Level  Hunger
 Confusing Touch          Hex            ##......     14%         3    ###....
 Tukima's Dance           Hex            ##......     14%         3    ###....
 Ensorcelled Hibernation  Hex/Ice        #.....       16%         2    ##.....
 Dazzling Flash           Conj/Hex       #.....       30%         3    ###....


Dungeon Overview and Level Annotations

Branches:
Dungeon (1/15)

Altars:


Innate Abilities, Weirdness & Mutations

You are very small and have problems with some larger weapons.
You are too small for most types of armour.
You have supernaturally acute eyesight. (SInv)
You are a herbivore.
You cover ground extremely quickly.
You need to consume almost no food.


Message History

You feel very mighty all of a sudden. The jackal closely misses you.
Number of times to repeat, then command key: You must enter the number of times for the command to repeat.
Unknown command.
You barely miss the jackal.
The jackal is severely wounded.
The jackal misses you.
The goblin shouts!
You puncture the jackal!
You kill the jackal!
You closely miss the jackal. You puncture the jackal!
You kill the jackal!
You puncture the jackal!
You kill the jackal!
Things that are here:
a jackal corpse x2
You barely miss the goblin. The goblin hits you with a +0 club.
You die...

### #.# ###.# ## #.# #.#.#
######. #.###.#.###########
....... #.................#
#####.
#.#.#.#.#########.###########.
#.....#.....................#†
####.#.#...###.g@....#########.#.
...........# #.##†#>.# #.....#.#.
#......#.#.# #.##.#..# #.....#.#.
#......#.#.###.##†#..# #.....#.#.
#..............##.#..###.....#.#^
#....##.#....(.................#.
#....#.###.###.#.....#####.#####.
##.#..# #..# #.#.....♣ #♣.## ♣.
##.#.###)#.# #.#....♣#♣♣#.♣.♣##♣#


You could see a goblin.

Vanquished Creatures
  A dart slug (D:1)
  7 jackals (D:1)
  5 bats (D:1)
  3 frilled lizards (D:1)
  4 goblins (D:1)
  A kobold (D:1)
  3 rats (D:1)
24 creatures vanquished.

Notes
Turn   | Place    | Note
-------+----------+-------------------------------------------
     0 | D:1      | kae the Spriggan Enchanter began the quest for the Orb.
     0 | D:1      | Reached XP level 1. HP: 9/9 MP: 5/5
   239 | D:1      | Reached XP level 2. HP: 13/14 MP: 6/6
  1169 | D:1      | Slain by a goblin

Levels and vault maps discovered:
D:1:      saegor_arrival_under_anarchy, layout_basic, minmay_tripent

Skill      XL: |  1  2 |
---------------+-------+-----
Short Blades   | 2 |  2.1
Fighting       | |  0.5
Dodging        | |  3.2
Stealth        | |  4.6
Spellcasting   | |  2.9
Hexes          | |  3.8

Action                   || total
-------------------------++-------
Melee: Dagger            ||    92
 Cast: Corona            ||    12
  Use: Potion            ||     3
 Stab: Sleeping          ||     9
       Distracted        ||     1
Armor: Robe              ||    12
Dodge: Dodged            ||    83

Table legend:
 A = Non-vault XP
 B = Vault XP
 C = Vault XP percentage of total XP
 D = Non-vault monster count
 E = Vault monster count
 F = Vault count percentage of total count
                 A         B        C        D         E       F
            +---------+---------+-------+---------+---------+-------
      Total |      37 |       1 |   2.6 |      23 |       1 |   4.2
            +---------+---------+-------+---------+---------+-------
        D:1 |      37 |       1 |   2.6 |      23 |       1 |   4.2
            +---------+---------+-------+---------+---------+-------
